[ AOE2 MATCH · #505730553 ]
UnrankedHuns vs Bengalis
Player's team · WIN
Rival team · LOSS
[ REPLAY ANALYSIS · EXTRACTED FROM THE RECORDED GAME ]
Feudal
10:17
Castle
—
Imperial
—
| APM avg | 66.5 |
| APM peak | 129 |
| eAPM avg | 27.0 |
| Villagers / military | 37 / 35 |
Focus
⚔️ 37.5% · 🌾 62.5%
Archer ×27 · Militia ×5 · Skirmisher ×3
Feudal
10:46
Castle
15:45
Imperial
—
| APM avg | 63.8 |
| APM peak | 106 |
| eAPM avg | 25.4 |
| Villagers / military | 27 / 2 |
Focus
⚔️ 18.2% · 🌾 81.8%
Ratha (Ranged) ×2
Match map
Initial resources + every placement click. Lines = walls · curves = elevation contours. ◆ gold · ⬟ stone · ● berries · ✦ relic · ◌ wall gap
Your base· Open — unwalled flank
ippowl's base· Open — 4t gap
Smoothed initial terrain · ◌ = detected wall gap · hover for details
Inputs per minute
— Pedro - - ippowl
Build order — Pedro
114 actions detected in the replay
| 0:01 | Queue | Villager (Male) |
| 0:01 | Queue | Villager (Male) |
| 0:01 | Queue | Villager (Male) |
| 0:08 | Queue | Villager (Male) |
| 1:15 | Queue | Villager (Male) |
| 1:47 | Queue | Villager (Male) |
| 1:58 | Build | Lumber Camp |
| 2:02 | Queue | Villager (Male) |
| 2:45 | Queue | Villager (Male) |
| 3:07 | Queue | Villager (Male) |
| 3:13 | Queue | Villager (Male) |
| 3:47 | Queue | Villager (Male) |
| 4:05 | Queue | Villager (Male) |
| 4:33 | Queue | Villager (Male) |
| 4:43 | Queue | Villager (Male) |
| 5:05 | Build | Barracks |
| 5:27 | Queue | Villager (Male) |
| 5:29 | Queue | Villager (Male) |
| 5:38 | Queue | Villager (Male) |
| 6:01 | Queue | Militia |
| 6:02 | Queue | Militia |
| 6:07 | Queue | Villager (Male) |
| 6:25 | Build | Mill |
| 6:32 | Queue | Militia |
| 6:32 | Queue | Militia |
| 6:40 | Queue | Villager (Male) |
| 7:03 | Queue | Militia |
| 7:17 | Research | Loom |
| 8:07 | Research | Feudal Age |
| 8:29 | Build | Lumber Camp |
| 8:31 | Build | Mining Camp |
| 10:17 | Age | Feudal Age |
| 10:19 | Queue | Villager (Male) |
| 10:23 | Build | Archery Range |
| 10:30 | Research | Double-Bit Axe |
| 10:30 | Queue | Villager (Male) |
| 10:42 | Queue | Villager (Male) |
| 10:49 | Queue | Villager (Male) |
| 10:54 | Build | Archery Range |
| 11:00 | Queue | Archer |
| 11:00 | Queue | Archer |
| 11:10 | Queue | Archer |
| 11:11 | Queue | Archer |
| 11:17 | Queue | Villager (Male) |
| 11:30 | Queue | Villager (Male) |
| 11:36 | Queue | Archer |
| 11:36 | Queue | Archer |
| 11:36 | Queue | Skirmisher |
| 11:43 | Build | Watch Tower |
| 11:54 | Queue | Villager (Male) |
| 11:58 | Queue | Archer |
| 11:58 | Queue | Archer |
| 12:21 | Queue | Archer |
| 12:22 | Queue | Archer |
| 12:22 | Queue | Villager (Male) |
| 12:30 | Build | Blacksmith |
| 12:35 | Queue | Skirmisher |
| 12:35 | Queue | Skirmisher |
| 13:09 | Build | Palisade Wall |
| 13:10 | Build | Palisade Wall |
| 13:11 | Build | Palisade Wall |
| 13:17 | Queue | Archer |
| 13:17 | Queue | Archer |
| 13:19 | Research | Fletching |
| 13:19 | Research | Fletching |
| 13:20 | Research | Fletching |
| 13:29 | Queue | Villager (Male) |
| 13:32 | Build | Farm |
| 13:32 | Build | Farm |
| 13:44 | Queue | Archer |
| 13:44 | Queue | Archer |
| 14:02 | Build | Mining Camp |
| 14:14 | Queue | Archer |
| 14:15 | Queue | Archer |
| 14:45 | Queue | Archer |
| 14:45 | Queue | Archer |
| 14:45 | Queue | Archer |
| 14:53 | Queue | Villager (Male) |
| 14:54 | Queue | Villager (Male) |
| 14:56 | Build | Farm |
| 14:57 | Build | Farm |
| 15:04 | Queue | Archer |
| 15:04 | Queue | Archer |
| 15:16 | Queue | Archer |
| 15:16 | Queue | Archer |
| 15:21 | Build | Farm |
| 15:21 | Build | Farm |
| 15:21 | Build | Farm |
| 15:38 | Queue | Archer |
| 15:38 | Queue | Archer |
| 15:42 | Queue | Villager (Male) |
| 15:45 | Queue | Villager (Male) |
| 15:46 | Queue | Villager (Male) |
| 15:59 | Build | Farm |
| 16:26 | Queue | Villager (Male) |
| 16:29 | Build | Farm |
| 16:29 | Build | Farm |
| 16:29 | Build | Farm |
| 16:30 | Build | Farm |
| 16:38 | Queue | Archer |
| 16:38 | Queue | Archer |
| 17:26 | Queue | Villager (Male) |
| 17:29 | Build | Farm |
| 17:30 | Build | Farm |
| 17:30 | Build | Farm |
| 17:47 | Build | Watch Tower |
| 17:54 | Queue | Villager (Male) |
| 17:56 | Build | Farm |
| 17:58 | Build | Farm |
| 17:58 | Build | Farm |
| 18:25 | Build | Farm |
| 18:42 | Queue | Villager (Male) |
| 18:44 | Build | Farm |
| 18:55 | Build | Market |
Build order — ippowl
65 actions detected in the replay
| 0:01 | Queue | Villager (Male) |
| 0:01 | Queue | Villager (Male) |
| 0:01 | Queue | Villager (Male) |
| 0:02 | Build | House |
| 0:04 | Build | House |
| 0:23 | Queue | Villager (Male) |
| 0:23 | Queue | Villager (Male) |
| 1:35 | Queue | Villager (Male) |
| 1:35 | Queue | Villager (Male) |
| 1:57 | Queue | Villager (Male) |
| 1:58 | Queue | Villager (Male) |
| 2:00 | Build | Lumber Camp |
| 2:23 | Queue | Villager (Male) |
| 2:23 | Queue | Villager (Male) |
| 2:49 | Queue | Villager (Male) |
| 3:17 | Queue | Villager (Male) |
| 3:17 | Queue | Villager (Male) |
| 3:48 | Queue | Villager (Male) |
| 3:48 | Queue | Villager (Male) |
| 3:48 | Queue | Villager (Male) |
| 4:04 | Build | House |
| 4:23 | Build | Mill |
| 4:30 | Build | House |
| 4:32 | Build | Palisade Wall |
| 4:43 | Queue | Villager (Male) |
| 4:43 | Queue | Villager (Male) |
| 4:43 | Queue | Villager (Male) |
| 5:42 | Queue | Villager (Male) |
| 6:26 | Queue | Villager (Male) |
| 6:27 | Queue | Villager (Male) |
| 6:32 | Build | Mining Camp |
| 7:13 | Queue | Villager (Male) |
| 7:33 | Queue | Villager (Male) |
| 7:52 | Research | Loom |
| 7:52 | Research | Loom |
| 8:36 | Research | Feudal Age |
| 8:36 | Research | Feudal Age |
| 9:25 | Build | Palisade Wall |
| 9:29 | Build | Palisade Wall |
| 9:31 | Build | Palisade Wall |
| 9:33 | Build | Palisade Wall |
| 9:43 | Build | Palisade Wall |
| 10:46 | Age | Feudal Age |
| 11:01 | Build | Palisade Wall |
| 11:23 | Build | Market |
| 11:28 | Build | Blacksmith |
| 12:14 | Build | House |
| 13:05 | Research | Castle Age |
| 13:25 | Build | Mining Camp |
| 13:31 | Build | Palisade Wall |
| 13:33 | Build | Palisade Wall |
| 14:05 | Build | Palisade Gate |
| 14:11 | Build | Palisade Gate |
| 14:17 | Build | House |
| 15:45 | Age | Castle Age |
| 16:34 | Build | Castle |
| 16:55 | Queue | Villager (Male) |
| 16:59 | Build | Farm |
| 17:01 | Build | Farm |
| 17:03 | Build | Farm |
| 17:07 | Build | Farm |
| 18:26 | Build | Mining Camp |
| 18:34 | Queue | Villager (Male) |
| 18:56 | Queue | Ratha (Ranged) |
| 18:56 | Queue | Ratha (Ranged) |
Match timeline
| 4:32 | ippowl · wall_segment Palisade Wall x7 |
| 5:05 | Pedro · first_building Barracks |
| 9:25 | ippowl · wall_segment Palisade Wall x1 |
| 9:29 | ippowl · wall_segment Palisade Wall x1 |
| 9:31 | ippowl · wall_segment Palisade Wall x1 |
| 9:33 | ippowl · wall_segment Palisade Wall x6 |
| 9:43 | ippowl · wall_segment Palisade Wall x1 |
| 10:17 | Pedro · age_up feudal |
| 10:23 | Pedro · first_building Archery Range |
| 10:46 | ippowl · age_up feudal |
| 11:01 | ippowl · wall_segment Palisade Wall x1 |
| 12:39 | ippowl · first_market_sell 100 stone |
| 13:09 | Pedro · wall_segment Palisade Wall x1 |
| 13:10 | Pedro · wall_segment Palisade Wall x1 |
| 13:11 | Pedro · wall_segment Palisade Wall x1 |
| 13:31 | ippowl · wall_segment Palisade Wall x1 |
| 13:33 | ippowl · wall_segment Palisade Wall x4 |
| 15:45 | ippowl · age_up castle |
| 16:10 | ippowl · first_market_buy 100 stone |
| 16:34 | ippowl · first_building Castle |
| 19:18 | ippowl · resign |
[ AI ANALYSIS · 1 CREDIT ]
What really happened in this match?
Wolo.gg analyzes every decision: build order, eco, micro, common mistakes by bracket. Personalized analysis on WhatsApp or Discord in 30 seconds.
Civ guide
Huns
Perfil
Jugador #339375